 Dungeon Crawl Stone Soup version 0.20-a0-950-g92a50c4 (webtiles) character file.

369 JeffiDaFish the Shield-Bearer (level 6, -4/38 HPs)
             Began as a Gargoyle Fighter on Apr 4, 2017.
             Killed by divine providence
             ... invoked by an orc priest
              (10 damage)
             ... on level 4 of the Dungeon.
             The game lasted 00:05:02 (2442 turns).

JeffiDaFish the Shield-Bearer (Gargoyle Fighter)    Turns: 2442, Time: 00:05:03

Health: -4/38      AC: 13    Str: 25    XL:     6   Next: 70%
Magic:  6/6        EV:  8    Int:  9    God:
Gold:   166        SH: 11    Dex: 12    Spells: 5/5 levels left

rFire    . . .     SeeInvis .   m - +0 morningstar
rCold    . . .     Gourm    +   c - +1 shield
rNeg     + . .     Faith    .   b - +0 scale mail
rPois    ∞         Spirit   .   (no helmet)
rElec    +         Reflect  .   l - +0 cloak
rCorr    .         Harm     .   (no gloves)
MR       .....                  o - +0 pair of boots
Stlth    ..........             k - amulet of the gourmand
Regen    0.2/turn               e - +2 ring of dexterity
MPRegen  0.1/turn               (no ring)

@: mighty
A: negative energy resistance 1, electricity resistance, unbreathing,
petrification resistance, rot immunity, AC +4
a: no special abilities


You were on level 4 of the Dungeon.
You were completely stuffed.

You visited 1 branch of the dungeon, and saw 4 of its levels.

You collected 166 gold pieces.

Inventory:

Hand Weapons
 m - a +0 morningstar (weapon)
Armour
 b - a +0 scale mail (worn)
 c - a +1 shield (worn)
 l - a +0 cloak (worn)
 o - a +0 pair of boots (worn)
Jewellery
 e - a +2 ring of dexterity (left hand)
 k - an amulet of the gourmand (around neck)
Scrolls
 g - 3 scrolls of identify
 j - 3 scrolls of teleportation
 p - 2 scrolls of remove curse
Comestibles
 a - a meat ration
 f - 4 bread rations
 h - 6 fruits
 i - 2 royal jellies
 n - 9 chunks of flesh


   Skills:
 + Level 4.0 Fighting
 + Level 4.6 Maces & Flails
 + Level 4.1 Armour
 + Level 1.0 Dodging
 + Level 5.2 Shields


You had 5 spell levels left.
You didn't know any spells.

Dungeon Overview and Level Annotations

Branches:
Dungeon (4/15)
 Temple: D:4-7

Altars:
Elyvilon
Vehumet


Innate Abilities, Weirdness & Mutations

You are resistant to torment.
Your stone body is resilient. (AC +4)
You are immune to poison.
You resist negative energy. (rN+)
You are resistant to electric shocks. (rElec)
You can survive without breathing.
You are immune to petrification.
You are immune to rotting.


Message History

No target in view!
The orc wizard gestures wildly while chanting.
The orc wizard blinks!
The orc priest calls down the wrath of Beogh upon you.
Beogh smites you!
* * * LOW HITPOINT WARNING * * *
Something hits you but does no damage.
You see here a short sword of venom.
You feel very mighty all of a sudden.
You hear some strange, mumbled words.
A magic dart appears from out of thin air!
The magic dart hits you!
The orc wizard points at you and mumbles some strange words.
You closely miss the orc priest.
Something closely misses the orc wizard.
The orc wizard gestures wildly while chanting.
The orc wizard blinks!
The orc priest mumbles some strange prayers to Beogh against you.
Beogh smites you!
You die...

#......# ###....#
###.## #..# ##.#
#.######.. #### ####
#.........
.....##..#####
#######...
#...o@....## #...
#.##.#.....#### ##..
#.o###(.....######..
...##
##..##.........
....§ ##.#########..
#...... #.# ##.
#...... #># #.
#...... #.. #.
#...... ##. #.


You could see an orc priest and an orc wizard.

Vanquished Creatures
  A phantom (D:3)
  A hound (D:4)
  A centaur skeleton (D:4)
  An iguana (D:4)
  2 worker ants (D:4)
  6 adders
  An ooze (D:3)
  2 worms (D:2)
  4 dart slugs
  A leopard gecko (D:3)
  2 orcs
  10 bats
  6 giant cockroaches
  10 goblins
  8 hobgoblins
  8 kobolds
  2 quokkas (D:3)
  2 ball pythons (D:3)
  7 frilled lizards
  A leopard gecko skeleton (D:4)
  A quokka skeleton (D:3)
  10 rats
87 creatures vanquished.

Notes
Turn   | Place    | Note
-------+----------+-------------------------------------------
     0 | D:1      | JeffiDaFish the Gargoyle Fighter began the quest for the Orb.
     0 | D:1      | Reached XP level 1. HP: 14/14 MP: 1/1
   130 | D:1      | Reached XP level 2. HP: 15/19 MP: 2/2
   453 | D:1      | Reached XP level 3. HP: 23/23 MP: 3/3
   939 | D:2      | Reached skill level 4 in Shields
   939 | D:2      | Reached XP level 4. HP: 28/28 MP: 4/4
  1511 | D:2      | Found a white marble altar of Elyvilon.
  1512 | D:2      | Found a radiant altar of Vehumet.
  1800 | D:3      | Noticed a phantom
  1820 | D:3      | Killed a phantom
  1820 | D:3      | Reached XP level 5. HP: 27/33 MP: 5/5
  2077 | D:3      | Reached XP level 6. HP: 33/38 MP: 6/6
  2382 | D:4      | Reached skill level 5 in Shields
  2387 | D:4      | Reached skill level 1 in Dodging
  2442 | D:4      | Killed from afar by an orc priest

Vault maps used:
D:1:      lemuel_arrival_lava_pool, minmay_misc_feat_plants
D:2:      gammafunk_temple_overflow_statue, minmay_misc_feat_chi
D:3:      first_bread
D:4:      lightli_sewer_entry_pipes, minmay_bisected

Skill      XL: |  1  2  3  4  5  6 |
---------------+-------------------+-----
Shields        | 4 5 |  5.2
Maces & Flails | 4 |  4.6
Armour         | 4 |  4.1
Fighting       | 4 |  4.0
Dodging        | 1 |  1.0

Action                   |  1- 3 |  4- 6 || total
-------------------------+-------+-------++-------
Melee: Flail             |   128 |    10 ||   138
       Morningstar       |       |   208 ||   208
  Use: Scroll            |     7 |     4 ||    11
       Potion            |     2 |     1 ||     3
  Eat: Chunk             |     4 |    12 ||    16
Armor: Scale mail        |    60 |   134 ||   194
Dodge: Dodged            |    43 |    72 ||   115
Block: Shield            |    53 |   176 ||   229
